 Dungeon Crawl Stone Soup version 0.20.1-1-g8b1a95d66d (webtiles) character file.

12851 MondaySad the Severer (level 11, -6/88 HPs)
             Began as a Minotaur Berserker on Dec 5, 2017.
             Was a High Priest of Trog.
             Mangled by a neqoxec (8 damage)
             ... on level 1 of the Abyss.
             The game lasted 00:29:16 (12005 turns).

MondaySad the Severer (Minotaur Berserker)         Turns: 12005, Time: 00:29:17

Health: -6/88      AC: 13    Str: 24    XL:     11   Next: 67%
Magic:  10/10      EV: 11    Int:  4    God:    Trog [*****.]
Gold:   715        SH:  0    Dex: 11    Spells: 10/10 levels left

rFire    . . .     SeeInvis .   b - +7 hand axe of a wizard's laboratory {speed, Stlth+}
rCold    + . .     Gourm    .   X - +2 buckler
rNeg     . . .     Faith    .   p - +0 ice dragon scales
rPois    .         Spirit   .   (helmet restricted)
rElec    .         Reflect  .   Y - +0 cloak
rCorr    +         Harm     .   G - +0 pair of gloves
MR       .....                  (no boots)
Stlth    ..........             (no amulet)
Regen    0.3/turn               y - ring of fire
MPRegen  0.2/turn               t - ring of resist corrosion

@: confused
A: retaliatory headbutt, horns 2
a: Berserk, Trog's Hand, Brothers in Arms, Burn Spellbooks, Renounce Religion


You were on level 1 of the Abyss.
You worshipped Trog.
Trog was extremely pleased with you.
You were near starving.

You visited 1 branch of the dungeon, and saw 12 of its levels.
You visited the Abyss 1 time.

You collected 715 gold pieces.

Inventory:

Hand Weapons
 b - the +7 hand axe of a wizard's laboratory (weapon) {speed, Stlth+}
   (You found it on level 4 of the Dungeon)

   Attacks with this weapon are significantly faster.
   It makes you more stealthy.
 Q - a +0 hand axe of freezing
Missiles
 e - 4 needles of sleeping
 u - 28 poisoned needles
Armour
 j - a +0 scale mail
 p - +0 ice dragon scales (worn)
 G - a +0 pair of gloves (worn)
 X - a +2 buckler (worn)
 Y - a +0 cloak (worn)
Jewellery
 l - an uncursed ring of protection from magic
 t - a ring of resist corrosion (right hand)
 y - a ring of fire (left hand)
 R - an uncursed ring of flight
 S - an uncursed ring of ice
Wands
 x - a wand of digging (24/24)
 I - a wand of digging (13/24)
 T - a wand of iceblast (12/15)
Scrolls
 d - 3 scrolls of magic mapping {unknown}
 f - a scroll of enchant weapon
 g - 2 scrolls of fog {unknown}
 h - 2 scrolls of fear {unknown}
 i - 15 scrolls of identify
 k - 2 scrolls of recharging
 q - a scroll of remove curse
 r - 5 scrolls of teleportation {unknown}
 C - a scroll of amnesia {unknown}
 D - 4 scrolls of noise {unknown}
 F - a scroll of random uselessness {unknown}
 N - a scroll of enchant armour {unknown}
Potions
 a - a potion of might {unknown}
 m - a potion of haste
 s - a potion of mutation
 v - 2 potions of resistance {unknown}
 w - 2 potions of lignification {unknown}
 z - 6 potions of heal wounds {unknown}
 A - 4 potions of curing
 E - a potion of cancellation {unknown}
 M - a potion of invisibility {unknown}
 U - a potion of agility
 V - 2 potions of brilliance {unknown}
Books
 O - a book of Callings

   Spells                             Type                      Level
   a - Summon Small Mammal            Summoning                    1
   b - Call Imp                       Summoning                    2
   c - Call Canine Familiar           Summoning                    3
   d - Summon Guardian Golem          Hexes/Summoning              3
   e - Summon Lightning Spire         Summoning/Air                4
   f - Summon Ice Beast               Ice/Summoning                4
   Trog disapproves of the use of such an item.
Comestibles
 c - 9 bread rations
 o - 13 meat rations
 B - 7 royal jellies
 L - 5 fruits


   Skills:
 + Level 5.3 Fighting
 - Level 16.0 Axes
 + Level 4.4 Armour
 + Level 3.9 Dodging
 - Level 13.1 Shields


You had 10 spell levels left.
You didn't know any spells.

Dungeon Overview and Level Annotations

Branches:
Dungeon (12/15)            Temple (0/1) D:7            Lair (0/6) D:10
    Orc (0/2) D:11

Altars:
Fedhas
The Shining One

Shops:
D:9 ?   D:11 *

Annotations:
D:12 Sonja


Innate Abilities, Weirdness & Mutations

You reflexively headbutt those who attack you in melee.
You have a pair of horns on your head.


Message History

You barely miss the neqoxec.
The neqoxec is almost dead.
You bump into the rock wall.
The golden eye blinks at you. You resist with almost no effort.
The neqoxec hits you!
* * * LOW HITPOINT WARNING * * *
The golden eye blinks at you.
You are more confused.
You bump into the rock wall.
The golden eye blinks at you.
You are more confused.
The neqoxec barely misses you. The golden eye blinks at you.
You are more confused.
The golden eye blinks at you.
You bump into the rock wall.
The neqoxec closely misses you. The golden eye blinks at you.
You easily resist.
You bump into the rock wall.
The neqoxec hits you!
You die...

.. ... ...#
#..# . #
#[Y# # ...
#. ...# ..
#..#.#?## .
#.h##@####.
. .
#h3##.≈#. .
## #GG.
.≈..... ..
.##...
≈.... . .
..# #.###..
.. .
!.........#
. .#.... .
#.#
.......∩
≈.# . . .
..
#.##.#..§≈
# # #.
#....G.##
..


You could see a neqoxec, a hell hound, a sky beast and 2 golden eyes.

Vanquished Creatures
  Harold (D:11)
  2 two-headed ogres
  An unseen horror (D:10)
  Pikel (D:9)
  A worldbinder (Abyss:1)
  An ugly thing (D:12)
  A manticore (D:12)
  A tengu conjurer (D:9)
  A troll (D:10)
  Sigmund (D:6)
  A hippogriff (D:10)
  5 yaks (D:9)
  A fire elemental (Abyss:1)
  2 golden eyes (Abyss:1)
  2 wyverns
  A soldier ant (D:12)
  A black bear (D:5)
  3 orc warriors
  An ice beast (D:8)
  2 sky beasts
  A slave (D:9)
  2 eyes of draining
  3 phantoms
  3 ogres
  5 centaurs
  12 bullfrogs
  A big kobold (D:8)
  2 wyvern skeletons
  5 scorpions
  11 killer bees
  6 wights
  5 howler monkeys
  3 centaur zombies (D:9)
  2 crimson imps
  A bullfrog zombie (D:7)
  2 jellies (D:7)
  6 orc priests
  2 bullfrog skeletons
  A gnoll shaman (D:10)
  6 hounds
  4 iguanas
  10 orc wizards
  5 centaur skeletons
  15 worker ants
  A hound zombie (D:5)
  A hound skeleton (D:4)
  7 gnolls
  15 adders
  6 shadow imps
  2 oozes
  2 adder skeletons
  An adder zombie (D:7)
  A worm (D:3)
  A dart slug (D:2)
  2 leopard geckos
  48 orcs
  4 giant cockroaches
  3 goblins
  6 hobgoblins
  9 jackals
  6 quokkas
  4 bats
  8 frilled lizards
  A giant cockroach zombie (D:5)
  9 kobolds
  A quokka zombie (D:5)
  5 rats
286 creatures vanquished.

Vanquished Creatures (collateral kills)
  3 small abominations (Abyss:1)
3 creatures vanquished.

Vanquished Creatures (others)
  2 slaves (D:9)
  A howler monkey (D:9)
  An orc wizard (D:9)
  2 orcs (D:9)
6 creatures vanquished.

Grand Total: 295 creatures vanquished

Notes
Turn   | Place    | Note
-------+----------+-------------------------------------------
     0 | D:1      | MondaySad the Minotaur Berserker began the quest for the Orb.
     0 | D:1      | Reached XP level 1. HP: 19/19 MP: 0/0
    66 | D:1      | Reached skill level 4 in Axes
   277 | D:1      | Reached XP level 2. HP: 20/26 MP: 1/1
   922 | D:1      | Reached skill level 5 in Axes
  1295 | D:2      | Reached ** piety under Trog
  1295 | D:2      | Reached XP level 3. HP: 31/31 MP: 2/2
  2274 | D:3      | Reached XP level 4. HP: 27/39 MP: 3/3
  2523 | D:3      | Reached skill level 6 in Axes
  3144 | D:4      | Got a shimmering hand axe
  3145 | D:4      | Identified the +7 hand axe of a wizard's laboratory {speed, Stlth+} (You found it on level 4 of the Dungeon)
  3330 | D:4      | Reached skill level 7 in Axes
  3330 | D:4      | Reached XP level 5. HP: 45/45 MP: 4/4
  3583 | D:4      | Reached skill level 8 in Axes
  4093 | D:4      | Reached XP level 6. HP: 51/51 MP: 5/5
  4095 | D:4      | Reached *** piety under Trog
  4309 | D:5      | Entered Level 5 of the Dungeon
  4464 | D:5      | Reached skill level 9 in Axes
  4653 | D:5      | Reached XP level 7. HP: 54/57 MP: 6/6
  4689 | D:5      | Reached skill level 10 in Axes
  5235 | D:5      | Reached skill level 11 in Axes
  5295 | D:5      | Reached XP level 8. HP: 53/64 MP: 7/7
  5802 | D:6      | Noticed Sigmund
  5812 | D:6      | Killed Sigmund
  5812 | D:6      | Reached skill level 12 in Axes
  6229 | D:7      | Reached skill level 13 in Axes
  6238 | D:7      | Found a blossoming altar of Fedhas.
  6713 | D:7      | Reached **** piety under Trog
  6750 | D:7      | Found a staircase to the Ecumenical Temple.
  6768 | D:7      | Reached skill level 1 in Shields
  6768 | D:7      | Reached XP level 9. HP: 61/70 MP: 8/8
  7207 | D:8      | Reached skill level 14 in Axes
  7215 | D:8      | Noticed a two-headed ogre
  7223 | D:8      | Killed a two-headed ogre
  8147 | D:8      | Found a glowing golden altar of the Shining One.
  8375 | D:9      | Noticed Pikel
  8386 | D:9      | Killed Pikel
  8386 | D:9      | Reached XP level 10. HP: 76/77 MP: 9/9
  8425 | D:9      | Reached ***** piety under Trog
  8696 | D:9      | Found Utsuar's Magic Scroll Shop.
  8722 | D:9      | Reached skill level 15 in Axes
  8783 | D:9      | You fall through a shaft!
  8783 | D:10     | Entered Level 10 of the Dungeon
  8806 | D:10     | Reached skill level 10 in Shields
  9318 | D:10     | Found a staircase to the Lair.
  9487 | D:10     | Killed an unseen horror
  9733 | D:10     | Reached XP level 11. HP: 79/82 MP: 10/10
  9830 | D:11     | Noticed Harold
  9872 | D:11     | Killed Harold
 10462 | D:11     | Found a staircase to the Orcish Mines.
 10468 | D:11     | Found Heclua's Assorted Antiques.
 10875 | D:12     | Noticed a two-headed ogre
 10885 | D:12     | HP: 5/123 [orc wizard/magic dart (4)]
 10888 | D:12     | Killed a two-headed ogre
 10888 | D:12     | Reached skill level 16 in Axes
 11279 | D:12     | Noticed Sonja
 11279 | D:12     | Noticed a green ugly thing
 11328 | D:12     | Received a gift from Trog
 11355 | D:12     | Killed a green ugly thing
 11789 | D:12     | Cast into level 1 of the Abyss (Sonja)
 11891 | Abyss:1  | Reached skill level 5 in Fighting
 11991 | Abyss:1  | HP: 3/88 [hell hound/blast of flame (9)]
 12002 | Abyss:1  | HP: 2/88 [neqoxec (8)]
 12005 | Abyss:1  | Mangled by a neqoxec

Skill      XL: |  1  2  3  4  5  6  7  8  9 10 11 |
---------------+----------------------------------+-----
Axes           | 4 5 7 8 9 11 13 14 15 16 | 16.0
Shields        | 1 8 11 13 | 13.1
Fighting       | 5 |  5.3
Armour         | 4 |  4.4
Dodging        | 3 |  3.9

Action                   |  1- 3 |  4- 6 |  7- 9 | 10-12 || total
-------------------------+-------+-------+-------+-------++-------
Melee: Hand axe          |   102 |   115 |   272 |   387 ||   876
       Headbutt          |     9 |    16 |    59 |    77 ||   161
Invok: Trog's Hand       |       |       |     2 |     4 ||     6
       Berserk           |       |       |       |     5 ||     5
       Brothers in Arms  |       |       |       |     1 ||     1
  Use: Potion            |       |     3 |       |     1 ||     4
       Scroll            |       |       |     4 |     2 ||     6
  Eat: Chunk             |     4 |     7 |    13 |    12 ||    36
       Bread ration      |       |       |       |     1 ||     1
Armor: Animal skin       |     7 |       |       |       ||     7
       Scale mail        |    16 |    38 |    27 |    12 ||    93
       Ice dragon scales |       |       |    25 |    76 ||   101
Dodge: Dodged            |    55 |    56 |    54 |    80 ||   245
Block: Buckler           |       |       |     6 |    79 ||    85
